 Dungeon Sprint DCSS version 0.26-a0-661-g406de6ba63 (webtiles) character file.

Game seed: 15882546817647372514

84840 mhtbhm the Archmage (level 14, -1/89 (91) HPs)
             Began as a Deep Elf Earth Elementalist on Oct 8, 2020.
             Was the Champion of Vehumet.
             Shot with a bolt by a yaktaur captain (5 damage)
             ... in the Dungeon (Sprint III: "The Ten Rune Challenge").
             The game lasted 00:24:03 (5929 turns).

mhtbhm the Archmage (Deep Elf Earth Elementalist)   Turns: 5929, Time: 00:24:03

HP:   -1/89 (91)    AC: 38    Str:  9    XL:     14   Next: 43%
MP:   24/47         EV: 17    Int: 34    God:    Vehumet [******]
Gold: 2237          SH:  0    Dex: 15    Spells: 6/67 levels left

rFire    + . .     SeeInvis .   E - staff of earth
rCold    + + .     Faith    .   (no shield)
rNeg     + . .     Spirit   .   (armour currently unavailable)
rPois    ∞         Reflect  .   L - +1 hat {MR+}
rElec    +         Harm     .   F - +1 cloak {rPois}
rCorr    .         Rampage  .   (gloves currently unavailable)
MR       +++..     NoTele   +   (boots currently unavailable)
Stlth    +++.......             J - amulet of magic regeneration
HPRegen  0.24/turn              D - ring of Narurch {+Fly rC+ Int+8}
MPRegen  0.55/turn              v - ring of Gozag's Condemnation {rElec rC+ MR+ Str+4 Stlth-}

@: statue-form, very slow
A: antennae 1, hooves 1, fire resistance 1
}: 2/10 runes: serpentine, barnacled
a: End Transformation, Renounce Religion, Evoke Flight


You were in the Dungeon.
You worshipped Vehumet.
Vehumet was exalted by your worship.
You were a stone statue.
You visited 1 branch You collected 3044 gold pieces.
You spent 807 gold pieces at shops.

Inventory:

Hand Weapons
 r - a +2 dagger of venom
Missiles
 b - 60 stones (quivered)
 t - 6 curare-tipped darts
 M - 2 throwing nets
Armour
 c - a +1 robe of resistance (melded)
 p - a +0 pair of boots (melded)
 F - a +1 cloak of poison resistance (worn)
 L - a +1 hat of magic resistance (worn)
Magical Staves
 E - an uncursed staff of earth (weapon)
Jewellery
 v - the ring of Gozag's Condemnation (right hand) {rElec rC+ MR+ Str+4 Stlth-}
   (You took it off a deep elf blademaster in the Dungeon)

   [ring of protection from magic]

   It affects your strength (+4).
   It protects you from cold.
   It insulates you from electricity.
   It affects your resistance to hostile enchantments.
   It makes you less stealthy.
 x - the ring of Ingo {MR++ AC+4 Int+2}
   (You took it off a deep elf annihilator in the Dungeon)

   [ring of protection]

   It affects your AC (+4).
   It affects your intelligence (+2).
   It affects your resistance to hostile enchantments.
 z - an uncursed amulet of regeneration
 A - an uncursed ring of positive energy
 D - the ring of Narurch (left hand) {+Fly rC+ Int+8}
   (You found it in the Dungeon)

   [ring of protection from cold]

   It affects your intelligence (+8).
   It protects you from cold.
   It lets you fly.
 J - an amulet of magic regeneration (around neck)
Wands
 j - a wand of iceblast (11)
 u - a wand of flame (14)
 B - a wand of disintegration (13)
 K - a wand of acid (10)
Scrolls
 a - 5 scrolls of remove curse
 i - 2 scrolls of blinking
 k - a scroll of torment
 l - 3 scrolls of identify
 n - a scroll of immolation
 w - 7 scrolls of amnesia
 y - a scroll of silence
 G - 3 scrolls of acquirement
 H - 2 scrolls of fog
 I - a scroll of fear
Potions
 d - 2 potions of curing
 f - 2 potions of haste
 g - 2 potions of magic
 h - 3 potions of berserk rage
 m - 6 potions of flight
 o - 2 potions of might
 s - a potion of mutation
 C - a potion of stabbing
Miscellaneous
 e - a condenser vane (2/2)
 q - a tin of tremorstones (3/3)
 N - a phantom mirror


   Skills:
 - Level 1.5 Fighting
 - Level 0.2 Short Blades
 + Level 7.9 Dodging
 - Level 8.4 Stealth
 O Level 27 Spellcasting
 + Level 10.5 Conjurations
 - Level 6.3 Transmutations
 * Level 9.3 Fire Magic
 O Level 27 Earth Magic
 + Level 10.9 Evocations


You had 6 spell levels left.
You knew the following spells:

 Your Spells              Type           Power        Failure   Level
a - Sandblast             Erth           ######       0%          1
b - Passwall              Tmut/Erth      ########     0%          2
c - Stone Arrow           Conj/Erth      ######       0%          3
d - Lee's Rapid Deconstr  Erth           ########..   0%          5
e - Petrify               Tmut/Erth      ########     0%          4
f - Sticky Flame          Conj/Fire      #######.     1%          4
g - Iron Shot             Conj/Erth      ########..   1%          6
h - Ignition              Fire           #######...   17%         8
i - Fireball              Conj/Fire      #######...   1%          5
j - Statue Form           Tmut/Erth      ########.    1%          6
k - Shatter               Erth           ########..   1%          9
l - Lehudib's Crystal Sp  Conj/Erth      ########..   1%          8

Your spell library contained the following spells:

 Spells                   Type           Power        Failure   Level
 Fire Storm               Conj/Fire      #######...   86%         9
 Absolute Zero            Ice            #####.....   100%        9
 Animate Skeleton         Necr           #####.       1%          1
 Apportation              Tloc           #####.       1%          1
 Corona                   Hex            #####..      1%          1
 Shock                    Conj/Air       ####         1%          1
 Summon Small Mammal      Summ           ####         1%          1
 Corpse Rot               Necr/Air       N/A          1%          2
 Poisonous Vapours        Pois/Air       #####.       1%          2
 Ignite Poison            Fire/Tmut/Pois ######..     1%          3
 Static Discharge         Conj/Air       ######..     1%          3
 Vampiric Draining        Necr           #####.....   1%          3
 Airstrike                Air            #####.....   1%          4
 Lightning Bolt           Conj/Air       ######....   1%          5
 Yara's Violent Unravell  Hex/Tmut       ######....   1%          5
 Starburst                Conj/Fire      #######...   1%          6
 Excruciating Wounds      Necr           #####.....   13%         5
 Simulacrum               Ice/Necr       #####.....   56%         6
 Tornado                  Air            #####.....   100%        9


Dungeon Overview and Level Annotations

Branches:
Dungeon (1/1)

Altars:
Cheibriados
Dithmenos
Elyvilon
Fedhas
Gozag
Hepliaklqana
Kikubaaqudgha
Makhleb
Nemelex Xobeh
Okawaru
Qazlal
Ru
Sif Muna
Trog
Uskayaw
Vehumet
Wu Jian
Xom
Yredelemnul
Zin
The Shining One
Beogh
Jiyva
Lugonu

Shops:
D !=[:(?}((=(:}?![=:


Innate Abilities, Weirdness & Mutations

You have a pair of small antennae on your head.
You have large cloven feet.
Your flesh is heat resistant. (rF+)


Message History

* * * LOW HITPOINT WARNING * * *
You see here a bolt.
Unknown command.
Casting: Fireball (safe; 1% risk of failure)
Confirm with . or Enter, or press ? or * to list all spells.
You don't know that spell.
Casting: Fireball (safe; 1% risk of failure)
Confirm with . or Enter, or press ? or * to list all spells.
Aiming: Fireball (safe; 1% risk of failure)
Press: ? - help, Shift-Dir - straight line, f - yaktaur captain
Aim: a yaktaur captain, wielding a +1 arbalest of chaos and quivering 16 bolts (heavily wounded)
The fireball explodes!
The fireball engulfs the yaktaur captain!!
The yaktaur captain is almost dead.
The fireball engulfs the bush.
The bush is on fire!
The bush is lightly damaged.
The fireball engulfs the bush but does no damage.
The bush is heavily damaged.
The yaktaur captain shoots a bolt.
The bolt hits you.
You die... ###§§≈#{ ≈≈§§≈≈############ ##+# ≈≈≈≈≈≈#...#...#..# .... ≈≈§≈≈≈#...#...#..# .PPP.

)≈≈≈≈≈##'###'##..# .c.P.
##≈≈###.......'..#..§§§.
§#)##.#.#####.####.§§§..
####..'.#..('(#.(††☼§§..
...'..#######.'(8#..†...
#######.. ..#.#### .....
.∩⌠⌠∩.#..#..#.#..# ....
..⌠⌠∩.#.#.#.#.'..# ...
.∩∩∩∩.#.....#.#..# ..
.∩∩∩∩.#.....#)#..# .
......#.#.#.).#..#
##''###..#..#.#..#
.8..8.#)....######


You could see a yaktaur captain.

Vanquished Creatures
  Rupert (D)
  A deep elf blademaster (D)
  Frances (D)
  Gastronok (D)
  A kraken (D)
  Donald (D)
  A nagaraja (D)
  2 dire elephants (D)
  2 deep elf demonologists (D)
  Azrael (D)
  2 deep elf annihilators (D)
  A fire dragon (D)
  2 deep elf death magi (D)
  Josephine (D)
  A naga warrior (D)
  A yaktaur captain (D)
  2 centaur warriors (D)
  3 anacondas (D)
  4 death yaks (D)
  An alligator snapping turtle (D)
  3 orc high priests (D)
  4 dancing weapons (D)
  Urug (D)
  A skeletal warrior (D)
  A death drake (D)
  An unseen horror (D)
  An obsidian statue (D)
  A lindwurm (D)
  An orc knight (D)
  A cyclops (shapeshifter) (D)
  6 deep elf magi (D)
  5 ugly things (D)
  A manticore (shapeshifter) (D)
  4 statues (D)
  4 crystal guardians (D)
  A moth of wrath (shapeshifter) (D)
  4 black mambas (D)
  2 elephants (D)
  A guardian serpent (D)
  2 cane toads (D)
  A komodo dragon (D)
  3 yaktaurs (D)
  A rime drake (D)
  3 wandering mushrooms (D)
  4 spriggan defenders (D)
  A queen bee (D)
  2 tyrant leeches (D)
  8 blink frogs (D)
  5 snapping turtles (D)
  3 redbacks (D)
  A shadow (D)
  2 nagas (D)
  A spatial vortex (D)
  3 water moccasins (D)
  A swamp drake (D)
  A floating eye (D)
  2 orc warriors (D)
  2 fire dragon simulacra (D)
  A necrophage (D)
  2 centaurs (D)
  An earth elemental (D)
  A water elemental (D)
  32 killer bees (D)
  5 orc priests (D)
  A jelly (D)
  A wizard (D)
  Jessica (D)
  A necromancer (D)
  A polar bear simulacrum (D)
  A wolf simulacrum (D)
  3 humans (D)
  A kobold demonologist (D)
  3 adders (D)
  An ooze (D)
  A phantom (D)
  11 orcs (D)
  A rat (D)
  2 bushes (D)
  A fungus (D)
  A plant (D)
192 creatures vanquished.

Vanquished Creatures (others)
  2 hydras (D)
  An electric eel (D)
  A ballistomycete spore (D)
  2 bushes (D)
  2 fungi (D)
  22 plants (D)
  8 tentacles (D)
38 creatures vanquished.

Grand Total: 230 creatures vanquished

Notes
Turn   | Place    | Note
-------+----------+-------------------------------------------
     0 | D        | mhtbhm the Deep Elf Earth Elementalist began the quest for
                  | the Orb.
     0 | D        | Reached XP level 1. HP: 10/10 MP: 6/6
    46 | D        | Noticed Jessica
    48 | D        | Killed Jessica
    48 | D        | Reached XP level 2. HP: 15/15 MP: 5/9
    48 | D        | Reached XP level 3. HP: 19/19 MP: 6/11
    52 | D        | Learned a level 2 spell: Passwall
    56 | D        | Learned a level 3 spell: Stone Arrow
    84 | D        | Gained mutation: Scrolls take you a little longer to read.
                  | [potion of mutation]
    84 | D        | Gained mutation: You are robust. (+10% HP) [potion of
                  | mutation]
    85 | D        | Lost mutation: Scrolls take you a little longer to read.
                  | [potion of mutation]
    85 | D        | Lost mutation: You are robust. (+10% HP) [potion of
                  | mutation]
    85 | D        | Gained mutation: Scrolls take you a little longer to read.
                  | [potion of mutation]
    85 | D        | Gained mutation: You occasionally shout uncontrollably at
                  | your foes. [potion of mutation]
    85 | D        | Gained mutation: You have large cloven feet. [potion of
                  | mutation]
    86 | D        | Lost mutation: You occasionally shout uncontrollably at
                  | your foes. [potion of mutation]
    86 | D        | Lost mutation: Scrolls take you a little longer to read.
                  | [potion of mutation]
    86 | D        | Gained mutation: Your flesh is heat resistant. (rF+)
                  | [potion of mutation]
    86 | D        | Gained mutation: You have a pair of small antennae on your
                  | head. [potion of mutation]
   128 | D        | Reached skill level 5 in Spellcasting
   203 | D        | Noticed a water elemental
   208 | D        | Killed a water elemental
   208 | D        | Reached XP level 4. HP: 24/24 MP: 6/14
   266 | D        | Found a radiant altar of Vehumet.
   266 | D        | Found a shimmering blue altar of Sif Muna.
   266 | D        | Found an ancient bone altar of Kikubaaqudgha.
   266 | D        | Noticed a wizard
   267 | D        | Killed a wizard
   269 | D        | Reached XP level 5. HP: 28/28 MP: 12/17
   277 | D        | Became a worshipper of Vehumet
   284 | D        | Learned a level 5 spell: Lee's Rapid Deconstruction
   289 | D        | Learned a level 4 spell: Petrify
   311 | D        | Found a basalt altar of Yredelemnul.
   311 | D        | Found a shadowy altar of Dithmenos.
   311 | D        | Found a sacrificial altar of Ru.
   311 | D        | Noticed a necrophage
   312 | D        | Reached skill level 5 in Dodging
   314 | D        | Killed a necrophage
   314 | D        | Reached skill level 5 in Stealth
   432 | D        | Found a glowing silver altar of Zin.
   432 | D        | Found a glowing golden altar of the Shining One.
   432 | D        | Found a white marble altar of Elyvilon.
   432 | D        | Noticed a deep elf mage
   434 | D        | Killed a deep elf mage
   434 | D        | Reached * piety under Vehumet
   434 | D        | Offered knowledge of Shock by Vehumet.
   434 | D        | Reached XP level 6. HP: 32/32 MP: 10/24
   434 | D        | Reached XP level 7. HP: 36/36 MP: 10/25
   514 | D        | Found a hide-covered altar of Uskayaw.
   514 | D        | Found a roughly hewn altar of Beogh.
   514 | D        | Found an iron altar of Okawaru.
   514 | D        | Found a bloodstained altar of Trog.
   514 | D        | Found an ornate altar of the Wu Jian Council.
   514 | D        | Noticed a human
   514 | D        | Noticed a human
   516 | D        | Killed a human
   516 | D        | Killed a human
   561 | D        | Reached ** piety under Vehumet
   561 | D        | Noticed a shadow
   566 | D        | Killed a shadow
   566 | D        | Reached XP level 8. HP: 41/41 MP: 8/28
   663 | D        | Found a blossoming altar of Fedhas.
   663 | D        | Found a stormy altar of Qazlal.
   663 | D        | Found a snail-covered altar of Cheibriados.
   663 | D        | Found a burning altar of Makhleb.
   663 | D        | Found a shimmering altar of Xom.
   664 | D        | Found a hazy altar of Hepliaklqana.
   664 | D        | Found an opulent altar of Gozag.
   664 | D        | Found a sparkling altar of Nemelex Xobeh.
   664 | D        | Found a corrupted altar of Lugonu.
   664 | D        | Found a viscous altar of Jiyva.
   667 | D        | Offered knowledge of Freeze by Vehumet.
   667 | D        | Reached skill level 15 in Spellcasting
   718 | D        | Noticed Josephine
   727 | D        | Killed Josephine
   727 | D        | Reached skill level 1 in Evocations
   727 | D        | Reached XP level 9. HP: 37/45 MP: 29/32
   830 | D        | Offered knowledge of Conjure Flame by Vehumet.
   830 | D        | Reached *** piety under Vehumet
   893 | D        | Noticed a centaur warrior
   894 | D        | Killed a centaur warrior
   894 | D        | Reached skill level 15 in Earth Magic
   981 | D        | Killed an unseen horror
   981 | D        | Reached **** piety under Vehumet
  1005 | D        | Noticed a wandering mushroom
  1029 | D        | Noticed a wandering mushroom
  1032 | D        | Killed a wandering mushroom
  1032 | D        | Offered knowledge of Ignite Poison by Vehumet.
  1034 | D        | Noticed a wandering mushroom
  1058 | D        | Killed a wandering mushroom
  1063 | D        | Killed a wandering mushroom
  1063 | D        | Reached skill level 1 in Conjurations
  1063 | D        | Reached XP level 10. HP: 49/50 MP: 20/35
  1142 | D        | Reached ***** piety under Vehumet
  1143 | D        | Reached ****** piety under Vehumet
  1177 | D        | HP: 2/51 [poisoned by a killer bee]
  1185 | D        | HP: 2/51 [poisoned by a killer bee]
  1503 | D        | Found a roughly hewn altar of Beogh.
  1504 | D        | Offered knowledge of Frozen Ramparts by Vehumet.
  1504 | D        | Noticed an orc knight
  1514 | D        | Noticed an orc high priest
  1516 | D        | Killed an orc high priest
  1516 | D        | Reached skill level 1 in Fighting
  1688 | D        | Offered knowledge of Sticky Flame by Vehumet.
  1690 | D        | Killed an orc knight
  1693 | D        | Found Xotir's Gadget Shoppe.
  1804 | D        | Bought a condenser vane (2/2) for 280 gold pieces
  1842 | D        | Noticed Donald
  1842 | D        | Noticed Frances
  1852 | D        | Killed Frances
  1852 | D        | Reached XP level 11. HP: 20/56 MP: 30/39
  1855 | D        | Killed Donald
  1880 | D        | Killed a seven-headed hydra
  2130 | D        | Killed an eight-headed hydra
  2173 | D        | Learned a level 4 spell: Sticky Flame
  2252 | D        | Noticed an obsidian statue
  2265 | D        | Found Mog Wie's Book Emporium.
  2265 | D        | Found Vyeclee Zayg's Magic Scroll Shop.
  2265 | D        | Found Suschuadd's Jewellery Boutique.
  2265 | D        | Found Xueduru Ylae's Book Shoppe.
  2265 | D        | Found Rebbuko's Weapon Boutique.
  2265 | D        | Found Ufaluy's Gadget Emporium.
  2265 | D        | Found Wuuruhov's Weapon Shoppe.
  2265 | D        | Found Nudeyj's Jewellery Shop.
  2265 | D        | Found Xuav's Antique Armour Emporium.
  2265 | D        | Found Tiadghaa's Antique Weapon Emporium.
  2265 | D        | Found Hoxeag's Distillery.
  2309 | D        | Bought an uncursed ring of flight for 175 gold pieces
  2317 | D        | Bought a scroll of blinking for 82 gold pieces
  2317 | D        | Bought a scroll of identify for 22 gold pieces
  2317 | D        | Bought a scroll of identify for 22 gold pieces
  2328 | D        | Noticed a crystal guardian
  2328 | D        | Killed a crystal guardian
  2328 | D        | Offered knowledge of Starburst by Vehumet.
  2328 | D        | Noticed a crystal guardian
  2332 | D        | Noticed a crystal guardian
  2332 | D        | Killed a crystal guardian
  2332 | D        | Killed a crystal guardian
  2334 | D        | Noticed a crystal guardian
  2336 | D        | Killed a crystal guardian
  2367 | D        | Noticed a fire elementalist statue
  2367 | D        | Noticed an earth elementalist statue
  2369 | D        | Killed an earth elementalist statue
  2371 | D        | Killed a fire elementalist statue
  2427 | D        | Noticed a water elementalist statue
  2427 | D        | Noticed an air elementalist statue
  2429 | D        | Killed a water elementalist statue
  2430 | D        | Killed an air elementalist statue
  2589 | D        | Killed an obsidian statue
  2690 | D        | Noticed a deep elf mage
  2690 | D        | Noticed a deep elf mage
  2690 | D        | Noticed a deep elf mage
  2690 | D        | Noticed a deep elf mage
  2690 | D        | Noticed a deep elf mage
  2695 | D        | Killed a deep elf mage
  2697 | D        | Killed a deep elf mage
  2697 | D        | Offered knowledge of Orb of Destruction by Vehumet.
  2697 | D        | Killed a deep elf mage
  2698 | D        | Killed a deep elf mage
  2699 | D        | Killed a deep elf mage
  2699 | D        | Reached XP level 12. HP: 61/61 MP: 21/42
  2758 | D        | Noticed a deep elf annihilator
  2774 | D        | Noticed a deep elf demonologist
  2776 | D        | Killed a deep elf demonologist
  2780 | D        | Identified the ring of Ingo {MR++ AC+4 Int+2}
  2780 | D        | Noticed a deep elf annihilator
  2780 | D        | Noticed a deep elf death mage
  2782 | D        | Killed a deep elf annihilator
  2783 | D        | Killed a deep elf annihilator
  2784 | D        | Killed a deep elf death mage
  2785 | D        | Noticed a deep elf demonologist
  2787 | D        | Killed a deep elf demonologist
  2881 | D        | Killed a ghostly deep elf annihilator
  2881 | D        | Offered knowledge of Iron Shot by Vehumet.
  2881 | D        | Identified the +5 ring mail of Iclumohi {+Blink Stlth+}
  2881 | D        | Identified the ring of Gozag's Condemnation {rElec rC+ MR+
                  | Str+4 Stlth-}
  2881 | D        | Noticed a deep elf blademaster
  2891 | D        | Noticed a deep elf death mage
  2901 | D        | Killed a deep elf death mage
  2901 | D        | Killed a deep elf blademaster
  2935 | D        | Learned a level 6 spell: Iron Shot
  3000 | D        | Identified the Guide on Dusty Darkness
  3000 | D        | Identified the Almanac of Transformation and Feathers
  3004 | D        | Got a transparent steel ring
  3078 | D        | Identified the ring of Narurch {+Fly rC+ Int+8} (You found
                  | it in the Dungeon)
  3125 | D        | Learned a level 8 spell: Ignition
  3131 | D        | Learned a level 5 spell: Fireball
  3138 | D        | Learned a level 6 spell: Statue Form
  3355 | D        | Learned a level 9 spell: Shatter
  3383 | D        | Noticed a centaur warrior
  3385 | D        | Killed a centaur warrior
  3385 | D        | Offered knowledge of Iskenderun's Battlesphere by Vehumet.
  3385 | D        | Reached skill level 5 in Evocations
  3416 | D        | Noticed a fire dragon
  3422 | D        | Killed a fire dragon
  3422 | D        | Reached skill level 27 in Spellcasting
  3422 | D        | Reached skill level 1 in Fire Magic
  3487 | D        | Reached XP level 13. HP: 53/65 MP: 31/46
  3779 | D        | Offered knowledge of Ozocubu's Refrigeration by Vehumet.
  3884 | D        | Noticed Azrael
  3887 | D        | Killed Azrael
  4209 | D        | HP: 3/64 [poison (dark miasma)]
  4215 | D        | HP: 2/64 [poison (dark miasma)]
  4223 | D        | HP: 2/64 [poison (dark miasma)]
  4676 | D        | Offered knowledge of Spellforged Servitor by Vehumet.
  4872 | D        | Noticed a nagaraja
  4875 | D        | Offered knowledge of Lehudib's Crystal Spear by Vehumet.
  4875 | D        | Offered knowledge of Fire Storm by Vehumet.
  4875 | D        | Offered knowledge of Absolute Zero by Vehumet.
  4878 | D        | Killed a nagaraja
  4945 | D        | Found Duuchyg's Book Shop.
  4945 | D        | Found Xeegieq's Antique Weapon Shoppe.
  4949 | D        | Found Loof's Magic Scroll Boutique.
  4955 | D        | Bought a scroll of fog for 26 gold pieces
  4967 | D        | Got a serpentine rune of Zot
  4977 | D        | Learned a level 8 spell: Lehudib's Crystal Spear
  5054 | D        | Noticed Urug
  5055 | D        | Killed Urug
  5325 | D        | Noticed Rupert
  5328 | D        | Killed Rupert
  5337 | D        | Noticed an azure jelly
  5337 | D        | Noticed an azure jelly
  5337 | D        | Noticed an azure jelly
  5337 | D        | Noticed an azure jelly
  5339 | D        | Noticed a dire elephant
  5339 | D        | Noticed a dire elephant
  5339 | D        | Noticed Gastronok
  5343 | D        | Killed Gastronok
  5343 | D        | Reached skill level 5 in Conjurations
  5343 | D        | Reached skill level 27 in Earth Magic
  5343 | D        | Reached XP level 14. HP: 69/69 MP: 47/47
  5344 | D        | Reached skill level 5 in Transmutations
  5348 | D        | Reached skill level 5 in Fire Magic
  5412 | D        | Reached skill level 10 in Evocations
  5460 | D        | Noticed a kraken
  5468 | D        | Killed a kraken
  5696 | D        | Found Ramof's Distillery.
  5696 | D        | Found Tipteebe's Jewellery Boutique.
  5696 | D        | Found Zeuxyti's Antique Armour Shop.
  5711 | D        | Got a barnacled rune of Zot
  5713 | D        | Bought a glowing scarf for 200 gold pieces
  5916 | D        | Reached skill level 10 in Conjurations
  5928 | D        | HP: 3/89 [yaktaur captain/bolt (28)]
  5929 | D        | Shot with a bolt by a yaktaur captain

Illustrated notes

Levels and vault maps discovered:
D:        dungeon_sprint_mu [sprint_mu_entry_forest, sprint_mu_temple_rooms,
          sprint_mu_d1_horrors, sprint_mu_d2_genie, sprint_mu_d3_branching,
          sprint_mu_orc_legion, sprint_mu_elf_gauntlet, sprint_mu_hive_nellie,
          sprint_mu_lair_fedhas, sprint_mu_vaults_butterflies,
          sprint_mu_slime_circle, sprint_mu_shoals_kraken,
          sprint_mu_snake_twists, sprint_mu_blade_basic, sprint_mu_crypt_lich,
          sprint_mu_tomb_spiral, sprint_mu_vestibule_basic,
          sprint_mu_gehenna_hellfire, sprint_mu_dis_giant,
          sprint_mu_tartarus_statrot, sprint_mu_cocytus_islands, sprint_mu_zot1]

Skill      XL: |  1  2  3  4  5  6  7  8  9 10 11 12 13 14 |
---------------+-------------------------------------------+-----
Earth Magic    | 6 7 8 12 13 14 16 18 20 22 27 | 27.0
Dodging        | 3 4 5 6 7 |  7.9
Stealth        | 3 4 5 6 8 |  8.4
Spellcasting   | 4 6 7 13 14 17 19 22 24 27 | 27.0
Evocations     | 1 2 3 4 5 8 10 | 10.9
Conjurations   | 1 2 3 5 10 | 10.5
Fighting       | 1 |  1.5
Transmutations | 2 3 4 6 |  6.3
Fire Magic     | 1 4 9 |  9.3
Short Blades   | |  0.2

Action                   |  1- 3 |  4- 6 |  7- 9 | 10-12 | 13-15 || total
-------------------------+-------+-------+-------+-------+-------++-------
Melee: Dagger            |       |       |       |     3 |       ||     3
       Staff             |       |       |       |       |     3 ||     3
 Cast: Sandblast         |    15 |     4 |     2 |       |       ||    21
       Passwall          |     1 |       |       |     4 |       ||     5
       Lee's Rapid Decon |       |     4 |    18 |    82 |    86 ||   190
       Stone Arrow       |       |       |     8 |     1 |       ||     9
       Petrify           |       |       |       |     1 |     6 ||     7
       Statue Form       |       |       |       |     2 |     2 ||     4
       Fireball          |       |       |       |     1 |    11 ||    12
       Lehudib's Crystal |       |       |       |       |     2 ||     2
       Sticky Flame      |       |       |       |       |     1 ||     1
 Abil: Evoke Flight      |       |       |       |     3 |     8 ||    11
Evoke: Tin of tremorston |       |       |     3 |     6 |     4 ||    13
       Condenser vane    |       |       |       |     5 |     4 ||     9
  Use: Potion            |     3 |       |     1 |     2 |       ||     6
       Scroll            |       |       |       |     7 |     5 ||    12
Armor: Robe              |     1 |       |     1 |     2 |     1 ||     5
       Skin              |       |       |       |     4 |    18 ||    22
Dodge: Dodged            |     4 |       |       |    18 |    14 ||    36

Table legend: (Time is in decaauts)
 A = Elapsed time spent in this place.
 B = Non-inter-level travel time spent in this place.
 C = Inter-level travel time spent in this place.
 D = Time resting spent in this place.
 E = Time spent auto-exploring this place.
 F = Levels seen in this place.
 G = Mean time per level.
                   A        B        C        D        E       F      G
               +--------+--------+--------+--------+--------+-----+--------+
         Total |   6064 |   6064 |      0 |   3825 |      1 |   1 | 6064.0 |
       Dungeon |   6064 |   6064 |      0 |   3825 |      1 |   1 | 6064.0 |
               +--------+--------+--------+--------+--------+-----+--------+

Top non-repeatable levels by time:
       D: 6064 daAuts
